 Dungeon Crawl Stone Soup version 0.29-a0-222-g5b244fca1f (webtiles) character file.

Game seed: 11485191927803605865

684 PaleWalker the Cudgeller (level 7, -12/54 (60) HPs)
             Began as a Gnoll Cinder Acolyte on Feb 27, 2022.
             Was an Elder of Ignis.
             Mangled by Pikel
             ... wielding a +0 whip of electrocution
              (17 damage)
             ... on level 6 of the Dungeon.
             The game lasted 00:09:39 (3625 turns).

PaleWalker the Cudgeller (Gnoll Cinder Acolyte)     Turns: 3625, Time: 00:09:41

HP:   -12/54 (60)   AC: 14    Str: 15    XL:     7   Next: 62%
MP:   12/12         EV: 12    Int: 14    God:    Ignis [****..]
Gold: 173           SH:  0    Dex:  7    Spells: 13/13 levels left

rFire   + + .      SeeInvis .   k - +0 mace (drain)
rCold   . . .      Faith    .   (no shield)
rNeg    . . .      Spirit   .   l - +2 robe {rF+}
rPois   .          Reflect  .   p - +0 helmet
rElec   .          Harm     .   (no cloak)
rCorr   .          Rampage  .   (no gloves)
Will    .....                   r - +1 pair of boots
Stlth   +.........              q - amulet of the acrobat
HPRegen 0.18/turn               (no ring)
MPRegen 0.13/turn               (no ring)

@: confused, ambrosia-drunk, fiery-armoured, heavily drained
A: fangs 1, strong nose, distributed training
a: Renounce Religion, Fiery Armour, Foxfire Swarm


You were on level 6 of the Dungeon.
You worshipped Ignis.
Ignis was greatly pleased with you.
You visited 1 branch of the dungeon, and saw 6 of its levels.

You collected 173 gold pieces.

Inventory:

Hand Weapons
 a - a -1 mace of flaming
 k - a +0 mace of draining (weapon)
Armour
 b - a +0 robe
 d - a +0 ring mail
 l - a +2 robe of fire resistance (worn)
 p - a +0 helmet (worn)
 r - a +1 pair of boots (worn)
Jewellery
 i - a ring of ice
 m - a ring of ice
 q - an amulet of the acrobat (around neck)
Wands
 s - a wand of acid (3)
Scrolls
 c - 2 scrolls of amnesia {unknown}
 e - a scroll of teleportation {unknown}
 t - a scroll of noise {unknown}
Potions
 g - a potion of curing {unknown}
 h - a potion of resistance {unknown}
 j - a potion of brilliance {unknown}
 n - a potion of mutation {unknown}
 o - a potion of lignification {unknown}


   Skills:
 + Level 7.1 Fighting
 + Level 2.6 Short Blades
 + Level 2.6 Long Blades
 + Level 2.6 Axes
 + Level 7.1 Maces & Flails
 + Level 2.6 Polearms
 + Level 2.6 Staves
 + Level 2.6 Slings
 + Level 2.6 Bows
 + Level 2.6 Crossbows
 + Level 2.6 Throwing
 + Level 2.6 Armour
 + Level 2.6 Dodging
 + Level 2.6 Stealth
 + Level 2.6 Shields
 + Level 2.6 Unarmed Combat
 + Level 3.9 Spellcasting
 + Level 2.1 Conjurations
 + Level 2.1 Hexes
 + Level 2.1 Summonings
 + Level 2.1 Necromancy
 + Level 2.1 Translocations
 + Level 2.1 Transmutations
 + Level 5.9 Fire Magic
 + Level 2.1 Ice Magic
 + Level 2.1 Air Magic
 + Level 2.1 Earth Magic
 + Level 2.1 Poison Magic
 + Level 2.9 Invocations
 + Level 2.6 Evocations


You had 13 spell levels left.
You didn't know any spells.
Your spell library contained the following spells:

 Spells                   Type           Power      Damage    Failure   Level
 Scorch                   Fire           38%        2d7       2%          2


Dungeon Overview and Level Annotations

Branches:
Dungeon (7/15)
 Temple: D:4-7

Altars:

Annotations:
D:3 Jessica
D:6 Pikel


Innate Abilities, Weirdness & Mutations

You have very sharp teeth.
Your uncanny sense of smell can sniff out nearby items.
Your experience applies equally to all skills.


Message History

The wight closely misses you.
You climb upwards.
Reactivating autopickup.
The lemure shouts! x4
Pikel, Merchant of Souls comes into view.
He is wielding a +0 whip of electrocution.
The lemure hits you.
Pikel shouts!
Found a sedimented black potion and an embroidered robe.
There is a stone staircase leading down here.
You hit the wight.
The wight is severely damaged.
The lemure misses you. The lemure closely misses you.
The wight closely misses you.
You hit the wight but do no damage.
The wight is severely damaged.
The lemure hits you. x2; The wight barely misses you.
A protective cloak of flame settles atop you.
The lemure hits you but does no damage. x2
The lemure is burned by your cloak of flames.
The lemure is lightly wounded.
The wight closely misses you.
You hit the wight.
The wight is almost destroyed.
Pikel closely misses you. The lemure hits you!
* * * LOW HITPOINT WARNING * * *
The lemure is burned by your cloak of flames.
The lemure is lightly wounded.
The lemure hits you.
* * * LOW HITPOINT WARNING * * *
The lemure is burned by your cloak of flames.
The lemure is moderately wounded.
The wight hits you with a +0 long sword.
* * * LOW HITPOINT WARNING * * *
It was a potion of ambrosia.
You are confused.
You feel invigorated.
Pikel hits you with a +0 whip of electrocution.
* * * LOW HITPOINT WARNING * * *
You are electrocuted!
You die...

.#.... ## ..#.o # ..
#...# #. #. . #...#
#. ##. ##.###...#
#.#5###...##.......#
#5@z5...!..o....o.#
#K####...# #..) #5 #
#..oo.# .. #.#.#.#
### # #.#.# # #?#
#.# #.. ###


You could see Pikel, 4 lemures and a wight.

Vanquished Creatures
  Sigmund (D:2)
  2 scorpions (D:5)
  A bullfrog (D:7)
  2 wights (D:7)
  2 orc priests (D:7)
  An iguana (D:5)
  An orc wizard (D:7)
  4 gnolls (D:5)
  4 adders
  A white imp (D:7)
  2 worms (D:5)
  A dart slug (D:2)
  9 orcs
  3 ball pythons
  2 bats
  4 endoplasms
  5 giant cockroaches
  4 goblins
  2 hobgoblins
  A kobold (D:1)
  5 quokkas
  4 frilled lizards
  7 rats
68 creatures vanquished.

Vanquished Creatures (others)
  3 plants (D:7)
3 creatures vanquished.

Grand Total: 71 creatures vanquished

Notes
Turn   | Place    | Note
-------+----------+-------------------------------------------
     0 | D:1      | PaleWalker the Gnoll Cinder Acolyte began the quest for the
                  | Orb.
     0 | D:1      | Reached XP level 1. HP: 23/23 MP: 4/4
   499 | D:1      | Reached XP level 2. HP: 29/29 MP: 5/5
  1056 | D:2      | Reached XP level 3. HP: 34/35 MP: 7/7
  1157 | D:2      | Reached skill level 1 in Invocations
  1402 | D:2      | Noticed Sigmund
  1419 | D:2      | Killed Sigmund
  1420 | D:2      | Reached skill level 1 in Short Blades
  1420 | D:2      | Reached skill level 1 in Long Blades
  1420 | D:2      | Reached skill level 1 in Axes
  1420 | D:2      | Reached skill level 1 in Polearms
  1420 | D:2      | Reached skill level 1 in Staves
  1420 | D:2      | Reached skill level 1 in Slings
  1420 | D:2      | Reached skill level 1 in Bows
  1420 | D:2      | Reached skill level 1 in Crossbows
  1420 | D:2      | Reached skill level 1 in Throwing
  1420 | D:2      | Reached skill level 1 in Armour
  1420 | D:2      | Reached skill level 1 in Dodging
  1420 | D:2      | Reached skill level 1 in Stealth
  1420 | D:2      | Reached skill level 1 in Shields
  1420 | D:2      | Reached skill level 1 in Unarmed Combat
  1420 | D:2      | Reached skill level 1 in Conjurations
  1420 | D:2      | Reached skill level 1 in Hexes
  1420 | D:2      | Reached skill level 1 in Summonings
  1420 | D:2      | Reached skill level 1 in Necromancy
  1420 | D:2      | Reached skill level 1 in Translocations
  1420 | D:2      | Reached skill level 1 in Transmutations
  1420 | D:2      | Reached skill level 1 in Ice Magic
  1420 | D:2      | Reached skill level 1 in Air Magic
  1420 | D:2      | Reached skill level 1 in Earth Magic
  1420 | D:2      | Reached skill level 1 in Poison Magic
  1420 | D:2      | Reached skill level 1 in Evocations
  1420 | D:2      | Reached XP level 4. HP: 21/41 MP: 8/8
  1420 | D:2      | Reached XP level 5. HP: 24/47 MP: 9/9
  1693 | D:2      | Found a faded altar of an unknown god.
  2608 | D:3      | Noticed Jessica
  2609 | D:3      | You fall into a shaft and drop 3 floors!
  2612 | D:5      | Entered Level 5 of the Dungeon
  2622 | D:5      | Reached XP level 6. HP: 37/53 MP: 10/10
  3012 | D:5      | Reached XP level 7. HP: 59/59 MP: 12/12
  3055 | D:5      | You fall into a shaft and drop 2 floors!
  3498 | D:7      | HP: 1/52 [wight/+0 hand axe (2)]
  3620 | D:6      | Noticed Pikel
  3625 | D:6      | Mangled by Pikel

Illustrated notes

Levels and vault maps discovered:
D:1:      heliophobic_arrival_glass_houses, layout_basic
D:2:      minmay_inner_zag, layout_basic, hellmonk_ecumenical_altar_lost_god,
          uniq_sigmund
D:3:      layout_basic, uniq_natasha, uniq_jessica
D:5:      cheibrodos_helix_gallery, layout_cave_pools, serial_shops,
          nicolae_shop_advertising_works [nicolae_subvault_shop_adworks],
          nicolae_wormholes
D:6:      layout_loops_ring, minmay_temple_entry_from_below_b, uniq_pikel
D:7:      layout_basic, biasface_ghost_orc_armoury, serial_glass,
          glass_columns_b, glass_columns_c, glass_columns_c, glass_columns_a,
          glass_columns_a, glass_columns_a, feat_on_display, item_on_display_a,
          minmay_strange_pillars, feat_on_display, serial_bayou_crossing

Skill      XL: |  1  2  3  4  5  6  7 |
---------------+----------------------+-----
Invocations    | 1 2 |  2.9
Short Blades   | 1 2 |  2.6
Long Blades    | 1 2 |  2.6
Axes           | 1 2 |  2.6
Polearms       | 1 2 |  2.6
Staves         | 1 2 |  2.6
Slings         | 1 2 |  2.6
Bows           | 1 2 |  2.6
Crossbows      | 1 2 |  2.6
Throwing       | 1 2 |  2.6
Armour         | 1 2 |  2.6
Dodging        | 1 2 |  2.6
Stealth        | 1 2 |  2.6
Shields        | 1 2 |  2.6
Unarmed Combat | 1 2 |  2.6
Spellcasting   | 3 |  3.9
Conjurations   | 1 2 |  2.1
Hexes          | 1 2 |  2.1
Summonings     | 1 2 |  2.1
Necromancy     | 1 2 |  2.1
Translocations | 1 2 |  2.1
Transmutations | 1 2 |  2.1
Ice Magic      | 1 2 |  2.1
Air Magic      | 1 2 |  2.1
Earth Magic    | 1 2 |  2.1
Poison Magic   | 1 2 |  2.1
Evocations     | 1 2 |  2.6
Fighting       | 7 |  7.1
Maces & Flails | 7 |  7.1
Fire Magic     | |  5.9

Action                   |  1- 3 |  4- 6 |  7- 9 || total
-------------------------+-------+-------+-------++-------
Melee: Mace              |    90 |    90 |    49 ||   229
       Bite              |     5 |     6 |     3 ||    14
       Punch             |     1 |       |       ||     1
Throw: Throwing net      |       |     1 |     1 ||     2
Invok: Fiery Armour      |     1 |       |     4 ||     5
       Rising Flame      |       |     1 |       ||     1
  Use: Potion            |       |       |     1 ||     1
 Stab: Held in net/web   |       |     1 |       ||     1
Armor: Robe              |    11 |    31 |    26 ||    68
       Ring mail         |    12 |       |       ||    12
Dodge: Dodged            |    46 |    48 |    63 ||   157

Table legend: (Time is in decaauts)
 A = Elapsed time spent in this place.
 B = Non-inter-level travel time spent in this place.
 C = Inter-level travel time spent in this place.
 D = Time resting spent in this place.
 E = Time spent auto-exploring this place.
 F = Levels seen in this place.
 G = Mean time per level.
                   A        B        C        D        E       F      G
               +--------+--------+--------+--------+--------+-----+--------+
         Total |   3641 |   3556 |     85 |    367 |   2379 |   6 |  606.8 |
       Dungeon |   3641 |   3556 |     85 |    367 |   2379 |   6 |  606.8 |
               +--------+--------+--------+--------+--------+-----+--------+

Top non-repeatable levels by time:
     D:2: 1534 daAuts
     D:1: 1032 daAuts
     D:7: 561 daAuts
     D:5: 447 daAuts
     D:3: 49 daAuts
     D:6: 15 daAuts
